Map: Синее смещение РВ

Players

Tolpak - Winner!

  • Race: Zerg Zerg
  • League: Platinum
  • Spawn Location: 1:00

KaraHerjá

  • Race: Zerg Zerg
  • League: Diamond
  • Spawn Location: 7:00

VOD

Have the link to the VOD?

Description

Time

  • Played on: Nov. 9, 2018, 5:57 a.m.
  • Length: 8:19
Show
View Real Time Build Order
Export as new Build Order

Tolpak Zerg - Winner!

Build Orders: Hatch First 

Get SALT Encoding   

  12  0:01  Drone  
  13  0:13  Overlord  
  13  0:17  Drone  
  14  0:31  Drone x2  
  16  0:37  Drone  
  17  0:57  Hatchery, Drone  
  17  1:02  Drone  
  18  1:08  Drone  
  19  1:16  Extractor  
  18  1:22  Spawning Pool  
  18  1:24  Drone  
  18  1:29  Drone  
  19  1:40  Drone  
  20  1:50  Overlord  
  20  2:03  Drone  
  21  2:09  Queen  
  21  2:10  Queen  
  21  2:12  Zergling x2  
  21  2:13  Zergling x2  
  27  2:22  Metabolic Boost  
  27  2:32  Drone x3  
  30  2:50  Drone x3  
  33  2:58  Overlord x2  
  33  3:11  Drone  
  33  3:12  Hatchery, Drone  
  34  3:20  Drone x2  
  34  3:21  Drone x4  
  34  3:22  Drone  
  41  3:34  Drone x3  
  43  3:39  Overlord  
  44  3:48  Drone  
  45  3:50  Lair  
  45  3:53  Roach Warren  
  45  3:54  Evolution Chamber  
  45  3:55  Evolution Chamber  
  42  3:56  Extractor  
  42  3:57  Extractor  
  42  4:00  Drone x5  
  42  4:01  Extractor  
  44  4:05  Drone x2  
  44  4:08  Queen  
  48  4:13  Drone x2  
  50  4:25  Drone x3  
  53  4:40  Drone x5  
  58  4:48  Overlord x4  
  58  4:53  Overlord x2  
  58  5:05  Zerg Missile Weapons Level 1  
  58  5:06  Zerg Ground Armor Level 1, Glial Reconstitution  
  58  5:09  Roach x3  
  58  5:14  Roach x2  
  68  5:15  Roach  
  68  5:17  Roach  
  72  5:30  Roach x3  
  72  5:31  Roach x3  
  72  5:32  Roach  
  72  5:35  Roach  
  88  5:36  Roach  
  88  5:38  Roach  
  88  5:40  Roach  
  94  5:43  Overlord  
  94  5:46  Overlord  
  96  5:50  Roach x2  
  98  6:00  Roach x4  
  98  6:01  Roach  
  108  6:11  Queen  
  107  6:14  Roach x2  
  107  6:15  Roach x3  
  119  6:30  Roach  
  119  6:31  Overlord x2  
  119  6:32  Overlord x2  
  112  6:42  Roach x4  
  114  6:48  Roach x3  
  114  6:51  Roach  
  114  6:53  Roach  
  128  6:57  Roach  
  128  6:58  Roach  
  108  7:17  Roach x6  
  108  7:18  Roach x2  
  120  7:31  Hatchery  
  119  7:38  Roach  
  119  7:39  Roach x3  
  107  7:58  Roach x3  
  107  7:59  Roach  
Show
View Real Time Build Order
Export as new Build Order

KaraHerjá Zerg 

Build Orders: Hatch First 

Get SALT Encoding   

  12  0:01  Drone  
  13  0:13  Overlord  
  13  0:18  Drone  
  14  0:36  Drone x3  
  18  0:50  Drone  
  18  0:57  Hatchery  
  18  1:02  Drone  
  18  1:08  Extractor  
  18  1:14  Spawning Pool  
  18  1:17  Drone  
  18  1:20  Extractor  
  18  1:21  Drone  
  18  1:30  Drone  
  19  1:47  Overlord  
  19  2:00  Drone  
  20  2:03  Queen  
  20  2:06  Drone  
  23  2:11  Drone  
  23  2:13  Queen  
  26  2:25  Drone x3  
  29  2:36  Drone x2  
  31  2:37  Extractor  
  31  2:41  Roach Warren  
  31  2:43  Queen  
  31  2:47  Drone x2  
  31  2:49  Queen  
  35  2:55  Drone  
  36  3:04  Overlord x2  
  36  3:13  Evolution Chamber  
  36  3:15  Drone  
  36  3:16  Drone, Evolution Chamber  
  36  3:29  Drone x5  
  36  3:30  Drone  
  42  3:36  Drone x2  
  42  3:41  Drone  
  45  3:47  Drone  
  46  3:59  Drone x2  
  46  4:02  Extractor, Zerg Missile Weapons Level 1  
  47  4:03  Extractor, Zerg Ground Armor Level 1  
  46  4:13  Drone  
  46  4:14  Drone x4  
  51  4:25  Overlord  
  51  4:26  Overlord  
  51  4:31  Hatchery  
  51  4:34  Overlord  
  50  4:46  Roach x2  
  50  4:47  Roach x4  
  62  4:53  Metabolic Boost  
  62  4:57  Overlord  
  62  4:58  Roach  
  64  5:09  Overlord  
  64  5:10  Roach x3  
  70  5:16  Roach x2  
  70  5:17  Roach  
  76  5:26  Roach x3  
  84  5:28  Roach  
  84  5:35  Roach x3  
  90  5:41  Roach  
  92  5:43  Overlord  
  92  5:46  Drone  
  93  6:08  Roach x5  
  93  6:09  Roach x2  
  105  6:12  Ravager  
  105  6:13  Overlord x3  
  106  6:26  Overlord  
  106  6:27  Overlord x3  
  102  6:41  Roach  
  102  6:42  Roach x4  
  112  6:47  Roach  
  112  6:48  Roach x2  
  112  6:50  Ravager x2  
  122  7:01  Roach  
  122  7:02  Roach x3  
  126  7:14  Roach x4  
  114  7:20  Roach  
  114  7:21  Roach  
  91  7:38  Roach  
  91  7:39  Roach x8  
  107  7:50  Roach x4  
Tags
 
Add a new tag
Caveats
  • Supply blocks, unpowered buildings, or Contaminate may cause inaccurate times.
  • Supply counts are checked every 10 seconds.